Map: Bel'Shir Vestige LE (Void)

Players

lIIlllIlIIl - Winner!

  • Race: Terran Terran
  • League: Diamond
  • Spawn Location: 5:00

hype

  • Race: Zerg Zerg
  • League: Diamond
  • Spawn Location: 11:00

VOD

Have the link to the VOD?

Description

Time

  • Played on: March 22, 2017, 1:52 a.m.
  • Length: 25:40
Show
View Real Time Build Order
Export as new Build Order

lIIlllIlIIl Terran - Winner!

Build Orders: Command Center First (CC) 

Get SALT Encoding   

  12  0:00  SCV  
  13  0:13  SCV  
  14  0:18  Supply Depot  
  14  0:25  SCV  
  15  0:40  SCV, Engineering Bay  
  16  0:47  Refinery  
  16  0:52  SCV  
  17  1:04  SCV  
  18  1:27  Command Center  
  18  1:29  SCV  
  19  1:35  Barracks  
  19  1:41  SCV  
  20  1:54  Engineering Bay  
  20  1:55  SCV  
  21  2:07  SCV  
  22  2:22  Factory  
  22  2:23  Orbital Command  
  22  2:24  Marine  
  23  2:51  Planetary Fortress  
  23  2:58  Command Center  
  23  2:59  SCV  
  24  3:12  Supply Depot  
  24  3:15  SCV  
  24  3:16  Bunker  
  25  3:23  Refinery  
  25  3:25  Marine  
  26  3:27  SCV  
  26  3:30  Starport  
  26  3:32  SCV  
  28  3:39  Factory Tech Lab  
  28  3:42  SCV  
  28  3:45  SCV  
  28  3:47  Missile Turret  
  30  3:48  Supply Depot  
  30  3:55  SCV  
  31  3:57  SCV  
  31  4:00  Refinery  
  32  4:05  Refinery  
  32  4:07  SCV  
  32  4:09  SCV  
  34  4:19  SCV  
  34  4:21  Viking  
  37  4:27  SCV  
  37  4:31  SCV  
  39  4:34  Supply Depot  
  39  4:39  SCV  
  39  4:42  Refinery  
  39  4:43  SCV  
  41  4:46  Planetary Fortress  
  41  4:51  SCV  
  42  4:53  Refinery  
  42  4:55  SCV  
  43  5:10  SCV x2  
  45  5:18  Corvid Reactor  
  45  5:22  SCV x2  
  45  5:24  Starport  
  45  5:26  Starport  
  45  5:27  Starport  
  47  5:29  SCV  
  47  5:34  SCV x2  
  50  5:41  SCV  
  50  5:42  Hi-Sec Auto Tracking  
  51  5:46  SCV  
  51  5:49  SCV  
  53  5:53  SCV  
  53  5:56  Missile Turret  
  54  5:58  SCV  
  54  6:01  SCV  
  54  6:02  Missile Turret  
  56  6:05  SCV, Missile Turret  
  56  6:06  Missile Turret  
  56  6:10  SCV, Supply Depot  
  58  6:15  Missile Turret  
  58  6:20  SCV  
  58  6:21  SCV  
  58  6:22  Missile Turret  
  58  6:23  Starport Tech Lab  
  58  6:24  Missile Turret  
  58  6:25  Starport Tech Lab  
  60  6:27  Starport Tech Lab  
  60  6:41  Missile Turret  
  60  6:42  SCV x3, Missile Turret  
  63  6:54  SCV x2  
  63  6:55  Raven x3  
  63  6:57  Raven  
  73  7:04  SCV  
  73  7:06  SCV  
  73  7:07  Missile Turret  
  75  7:08  Missile Turret  
  75  7:16  Factory Reactor  
  75  7:18  SCV x2  
  75  7:19  SCV  
  78  7:26  Command Center  
  77  7:38  Raven x2  
  77  7:41  Missile Turret  
  81  7:44  Raven  
  81  7:45  Raven  
  85  7:55  Supply Depot  
  85  7:57  Supply Depot x2  
  85  8:03  Widow Mine  
  85  8:09  Command Center  
  85  8:12  Missile Turret  
  85  8:14  Sensor Tower, Missile Turret  
  85  8:16  Widow Mine, Marine  
  85  8:18  Missile Turret  
  88  8:20  Raven, Building Armor  
  88  8:21  Raven  
  92  8:27  Raven x2  
  92  8:29  Supply Depot  
  92  8:30  Supply Depot  
  92  8:31  Widow Mine, Supply Depot, Armory  
  92  8:34  Marine  
  99  8:44  Widow Mine  
  101  9:00  Widow Mine  
  103  9:03  Raven x2  
  103  9:07  Command Center  
  107  9:10  Command Center  
  107  9:13  Widow Mine  
  107  9:23  Raven  
  107  9:24  Raven  
  111  9:28  Widow Mine  
  113  9:41  Widow Mine  
  115  9:46  Raven  
  115  9:47  Missile Turret  
  115  9:48  Missile Turret x3  
  115  9:49  Missile Turret x3  
  115  9:51  Missile Turret  
  117  9:57  Planetary Fortress  
  117  10:07  Terran Vehicle And Ship Armor Level 1  
  117  10:08  Recalibrated Explosives  
  117  10:10  Command Center x2  
  117  10:11  Planetary Fortress  
  117  10:21  Command Center  
  117  10:24  Missile Turret  
  117  10:28  Missile Turret  
  117  10:35  Missile Turret  
  117  10:37  Missile Turret  
  117  10:45  Command Center  
  117  10:47  SCV x2  
  117  10:48  SCV x2  
  121  11:08  Missile Turret  
  121  11:25  Command Center  
  121  11:26  Missile Turret  
  121  11:28  Missile Turret x2, Raven x4  
  129  11:46  Planetary Fortress  
  129  11:47  Planetary Fortress  
  129  11:54  Refinery  
  129  11:56  Refinery  
  129  12:01  Planetary Fortress  
  129  12:04  Missile Turret  
  129  12:05  Missile Turret  
  129  12:08  Missile Turret  
  129  12:12  Orbital Command  
  129  12:26  Missile Turret  
  129  12:36  Planetary Fortress  
  129  12:39  SCV x6  
  129  12:41  Terran Vehicle And Ship Armor Level 2  
  135  12:46  Planetary Fortress  
  135  12:47  Missile Turret  
  135  12:48  Missile Turret  
  135  12:51  SCV x3  
  135  12:56  Missile Turret  
  135  12:57  Missile Turret  
  138  13:08  Missile Turret x2  
  138  13:09  Missile Turret  
  138  13:11  Raven x4  
  144  13:21  Planetary Fortress  
  144  13:23  Refinery  
  144  13:25  Missile Turret  
  143  13:29  Missile Turret, Refinery  
  143  13:30  Missile Turret x2  
  143  13:35  Missile Turret  
  143  13:42  Refinery  
  143  13:48  Refinery  
  142  13:53  Refinery  
  142  13:54  Raven  
  142  13:55  Missile Turret  
  144  14:12  Missile Turret  
  144  14:16  Missile Turret  
  144  14:17  Missile Turret  
  144  14:37  Missile Turret  
  144  14:40  Missile Turret, Refinery  
  144  14:42  Missile Turret  
  143  15:01  Missile Turret  
  143  15:16  Refinery  
  143  15:23  Raven x4  
  151  15:34  Factory  
  151  15:35  Factory  
  151  15:37  Command Center  
  151  15:39  Command Center  
  151  15:40  Command Center  
  151  15:48  Command Center  
  151  16:06  Raven x3  
  157  16:19  Missile Turret  
  157  16:33  Command Center  
  157  16:35  Command Center  
  157  16:37  Command Center  
  157  16:41  Command Center x2  
  157  16:47  Terran Vehicle And Ship Armor Level 3  
  157  16:57  Missile Turret  
  157  16:58  Missile Turret  
  157  17:07  Liberator  
  157  17:08  Liberator x3  
  169  18:01  Orbital Command x6  
  169  18:02  Orbital Command x3  
  169  18:27  Missile Turret  
  169  18:31  Missile Turret x2  
  169  18:32  Missile Turret  
  169  18:37  Missile Turret  
  169  18:55  Sensor Tower  
  169  18:59  Missile Turret  
  169  19:04  Sensor Tower  
  169  19:11  Raven x4  
  177  19:19  Missile Turret  
  177  19:24  Terran Vehicle Weapons Level 1  
  177  19:49  Missile Turret  
  176  21:50  Missile Turret  
  176  22:00  Missile Turret  
  176  22:50  Hellion x2  
  180  23:01  Terran Vehicle Weapons Level 2  
  180  23:03  Infernal Pre-Igniter  
  180  23:08  Hellion  
  180  23:11  Hellion  
  180  23:12  Hellion  
  184  23:29  Hellion  
  184  23:33  Hellion x2  
  190  23:39  Command Center  
  190  23:49  Raven x3  
  190  23:50  Orbital Command, Hellion  
  190  23:54  Hellion  
  196  24:12  Hellion  
  191  24:33  Hellion  
  192  24:52  Planetary Fortress  
  190  24:57  Hellion  
  190  24:58  Hellion  
Show
View Real Time Build Order
Export as new Build Order

hype Zerg 

Build Orders: Pool First, Muta Ling Bane 

Get SALT Encoding   

  12  0:02  Drone  
  13  0:14  Overlord  
  13  0:18  Drone  
  14  0:32  Drone x2  
  16  0:36  Drone  
  17  0:58  Spawning Pool  
  16  1:21  Drone x3  
  16  1:22  Extractor  
  18  1:33  Hatchery  
  18  1:37  Drone  
  18  1:44  Drone  
  19  1:47  Queen  
  19  1:54  Drone  
  22  2:04  Overlord  
  22  2:23  Zergling x2  
  23  2:38  Drone x2  
  25  2:49  Lair  
  25  2:55  Drone x3  
  29  2:58  Drone x3  
  31  3:05  Hatchery  
  31  3:09  Queen  
  32  3:17  Drone x4  
  36  3:20  Metabolic Boost  
  36  3:30  Overlord  
  35  3:39  Drone  
  35  3:41  Overlord  
  36  3:52  Queen  
  38  3:58  Drone x4  
  38  4:00  Drone  
  43  4:04  Extractor  
  42  4:12  Drone  
  42  4:13  Drone x3  
  46  4:17  Queen  
  46  4:18  Drone x2  
  46  4:20  Zergling x6  
  53  4:30  Extractor  
  52  4:38  Drone x4  
  56  4:50  Baneling Nest  
  56  4:52  Drone x2, Evolution Chamber  
  57  4:54  Drone x2  
  57  4:56  Overlord x2  
  58  5:07  Pneumatized Carapace  
  58  5:19  Extractor  
  58  5:20  Extractor  
  56  5:22  Drone x3  
  56  5:23  Drone x3  
  56  5:24  Drone x3  
  56  5:26  Spire  
  64  5:31  Overlord x2  
  64  5:33  Zerg Melee Weapons Level 1  
  65  5:42  Drone  
  65  5:43  Drone  
  65  5:59  Drone x6  
  65  6:03  Zergling x12  
  77  6:08  Overseer  
  77  6:16  Drone  
  77  6:17  Extractor, Drone  
  77  6:18  Drone x2  
  80  6:21  Hatchery  
  80  6:24  Overlord x2  
  80  6:25  Zergling x4  
  81  6:27  Baneling x2  
  81  6:28  Baneling x4  
  81  6:42  Mutalisk x6  
  93  6:51  Zergling x8, Spore Crawler  
  93  6:53  Overlord x4  
  96  6:58  Overlord x2  
  96  6:59  Overlord x2  
  96  7:11  Overseer, Queen x3  
  96  7:14  Mutalisk x2  
  106  7:27  Zerg Ground Armor Level 1  
  106  7:29  Mutalisk x3  
  110  7:39  Drone  
  110  7:40  Drone  
  110  7:42  Drone x2  
  110  7:43  Drone  
  110  7:44  Drone x5  
  120  7:49  Centrifical Hooks  
  120  8:08  Overlord x2  
  120  8:17  Infestation Pit  
  120  8:19  Zergling x34  
  136  8:26  Evolution Chamber  
  135  8:38  Overlord x3  
  135  8:39  Zergling x6  
  138  8:59  Drone x7  
  138  9:00  Drone  
  138  9:02  Extractor  
  145  9:04  Extractor  
  144  9:10  Hive  
  142  9:38  Corruptor x13  
  142  9:39  Corruptor x3  
  174  9:58  Overseer x3, Zerg Melee Weapons Level 2  
  174  10:03  Drone x3  
  174  10:04  Drone x3  
  180  10:24  Greater Spire  
  180  10:27  Spire  
  179  10:40  Overlord x4  
  179  10:42  Zerg Ground Armor Level 2  
  179  10:46  Adrenal Glands  
  177  11:04  Corruptor x3  
  177  11:05  Corruptor x2  
  187  11:26  Ultralisk Cavern  
  186  11:36  Hatchery  
  186  11:39  Brood Lord x4  
  193  11:42  Brood Lord  
  195  12:05  Viper  
  198  12:19  Chitinous Plating  
  198  12:29  Viper x3  
  175  12:33  Viper  
  185  12:48  Spore Crawler  
  185  12:49  Spine Crawler  
  183  12:51  Spore Crawler  
  178  13:38  Corruptor x11  
  192  13:53  Brood Lord x4  
  192  14:23  Extractor  
  191  14:24  Extractor  
  177  14:47  Viper  
  177  14:48  Viper x4  
  184  15:02  Brood Lord  
  184  15:03  Brood Lord  
  184  15:17  Zergling x32  
  200  15:28  Evolution Chamber  
  200  15:29  Evolution Chamber  
  200  15:34  Zerg Melee Weapons Level 3, Zerg Ground Armor Level 3  
  198  15:46  Brood Lord  
  180  16:14  Ultralisk x3  
  198  16:39  Zerg Flyer Weapons Level 1  
  198  16:43  Spire  
  193  17:09  Ultralisk  
  177  17:45  Ultralisk x4  
  199  18:01  Zerg Flyer Armor Level 1  
  199  18:42  Zerg Flyer Weapons Level 2  
  199  18:51  Spore Crawler  
  199  18:52  Spore Crawler  
  199  18:53  Spine Crawler, Spore Crawler  
  199  18:54  Spore Crawler x2  
  199  18:55  Brood Lord  
  199  18:56  Brood Lord x2  
  188  19:10  Corruptor x5  
  196  19:22  Brood Lord x2  
  190  19:37  Queen  
  190  20:10  Brood Lord x4  
  186  20:22  Corruptor  
  186  20:23  Corruptor x5  
  176  20:57  Corruptor  
  176  20:58  Corruptor x5  
  188  21:17  Corruptor x2  
  178  21:25  Corruptor  
  154  22:04  Drone  
  154  22:06  Ultralisk x2  
  167  22:27  Ultralisk  
  173  22:37  Spore Crawler  
  173  22:44  Spine Crawler  
  170  22:55  Ultralisk  
  176  23:00  Ultralisk  
  123  23:28  Zergling x10  
  123  23:29  Zergling x76  
  136  23:54  Zergling x20  
  143  24:09  Zergling x10  
  148  24:16  Zergling x10  
  153  24:29  Zergling x34  
  166  24:40  Zergling x10  
  157  24:52  Zergling x10  
  160  24:56  Baneling x12  
  160  24:57  Baneling x13  
  160  24:58  Zergling x4  
  161  25:09  Zergling x12  
  167  25:19  Spine Crawler  
  167  25:20  Spine Crawler  
  165  25:21  Spine Crawler  
  165  25:22  Spine Crawler  
Tags
 
Add a new tag
Caveats
  • Supply blocks, unpowered buildings, or Contaminate may cause inaccurate times.
  • Supply counts are checked every 10 seconds.